 Dungeon Crawl Stone Soup version 0.32-a0-20-ge526923d97 (webtiles) character file.

Game seed: 11851785745381159718

111 jasper the Magician (level 4, -5/24 HPs)
             Began as a Deep Elf Alchemist on Jan 17, 2024.
             Succumbed to poison
             ... on level 3 of the Dungeon.
             The game lasted 00:02:52 (2601 turns).

jasper the Magician (Deep Elf Alchemist)            Turns: 2601, Time: 00:02:53

Health: -5/24      AC:  3    Str:  5    XL:     4   Next: 62%
Magic:  4/13       EV: 12    Int: 22    God:
Gold:   145        SH:  0    Dex: 15    Spells: 1/13 levels left

rFire   . . .        n - staff "Nubego" {rElec rC+ Stlth+ Air}
rCold   + . .        (no shield)
rNeg    . . .        a - +0 robe
rPois   .            (no helmet)
rElec   +            j - +0 cloak
rCorr   .            (no gloves)
SInv    .            (no boots)
Will    .....        (no amulet)
Stlth   +++          (no ring)
HPRegen 0.24/turn    (no ring)
MPRegen 0.13/turn

%: no passive effects
@: mighty, lethally poisoned (-5 -> -31), very slightly contaminated
A: no striking features
a: no special abilities


You were on level 3 of the Dungeon.
You visited 1 branch of the dungeon, and saw 3 of its levels.

You collected 145 gold pieces.

Inventory:

Hand Weapons
 c - a +0 club
Armour
 a - a +0 robe (worn)
 j - a +0 cloak (worn)
Magical Staves
 n - the staff "Nubego" (weapon) {rElec rC+ Stlth+ Air}
   (You found it on level 2 of the Dungeon)

   [staff of air]

   Base accuracy: +5 Base damage: 5 Base attack delay: 1.2 This weapon's minimum
   attack delay (0.6) is reached at skill level 12.
   rC+:       It protects you from cold.
   rElec:     It insulates you from electricity.
   Stlth+:    It makes you more stealthy.
   Air:       It increases the power of your Air spells.
   It falls into the 'Staves' category.
   It is a one-handed weapon.
 p - a staff of death
Scrolls
 d - a scroll of fear
 e - a scroll of poison
 h - a scroll of enchant armour {unknown}
 k - a scroll of summoning {unknown}
 l - a scroll of identify {unknown}
 m - a scroll of teleportation {unknown}
 o - a scroll of blinking {unknown}
Potions
 b - 2 potions of magic
 f - a potion of might
 g - 2 potions of curing {unknown}
 i - a potion of haste {unknown}


   Skills:
 - Level 2.4 Dodging
 - Level 2.4 Stealth
 + Level 5.1 Spellcasting
 - Level 1.1 Conjurations
 + Level 4.8 Alchemy


You had one spell level left.
You knew the following spells:

 Your Spells              Type           Power      Damage    Failure   Level
a - Sting                 Conj/Alch      72%        1d7       3%          1
b - Mephitic Cloud        Conj/Alch/Air  21%        N/A       13%         3
c - Olgreb's Toxic Radia  Alch           26%        N/A       14%         4
d - Sticky Flame          Fire/Alch      16%        2d5       36%         4

Your spell library contained the following spells:

 Spells                   Type           Power      Damage    Failure   Level
 Necrotise                Necr           20%        1d5       10%         1
 Mercury Vapours          Alch/Air       48%        N/A       5%          2
 Call Imp                 Summ           10%        N/A       16%         2
 Lesser Beckoning         Tloc           10%        N/A       16%         2
 Hailstorm                Conj/Ice       8%         3d5       24%         3
 Fulminant Prism          Conj/Alch      9%         3d6       28%         4
 Gell's Gravitas          Tloc           5%         N/A       30%         3
 Summon Ice Beast         Ice/Summ       5%         N/A       30%         3
 Teleport Other           Tloc           5%         N/A       30%         3
 Vampiric Draining        Necr           5%         2d6       30%         3
 Volatile Blastmotes      Fire/Tloc      10%        2d10      30%         3
 Iskenderun's Mystic Bla  Conj/Tloc      8%         2d4       61%         4
 Martyr's Knell           Necr/Summ      5%         N/A       69%         4
 Curse of Agony           Necr           5%         N/A       95%         5
 Sculpt Simulacrum        Ice/Alch       8%         N/A       99%         6
 Plasma Beam              Fire/Air       4%         2x1d14    100%        6
 Maxwell's Capacitive Co  Air            4%         ∞         100%        8


Dungeon Overview and Level Annotations

Branches:
Dungeon (3/15)

Altars:


Message History

There is a stone staircase leading up here.
Found 5 stones.
You see here a staff of death.
p - a staff of death You see here 5 stones. 3 orcs come into view.
Found a robe.
There are monsters nearby!
There are monsters nearby!
The orc shouts!
Casting: Sting (safe; 3% risk of failure)
Confirm with . or Enter, or press ? or * to list all spells.
You miscast Olgreb's Toxic Radiance.
You are very lightly contaminated with residual magic.
Parts of your body briefly turn golden.
You are lethally poisoned!
The orc shouts!
You feel very sick.
You take 6 damage, and have 18/24 hp.
MASSIVE DAMAGE!!
You now have 9/13 mp.
Casting: Olgreb's Toxic Radiance (extremely dangerous; 14% risk of failure)
Confirm with . or Enter, or press ? or * to list all spells.
You miscast Olgreb's Toxic Radiance.
Mercury flows from your hands.
You are more poisoned.
You feel extremely sick.
You take 10 damage, and have 8/24 hp.
MASSIVE DAMAGE!!
You now have 5/13 mp.
Aiming: Sting (safe; 3% risk of failure)
Press: ? - help, Q - select action Shift-Dir - straight line, f - orc
Aim: an orc, wielding a +0 flail (74% to hit)
The sting hits the orc.
The orc is poisoned.
The orc is heavily wounded.
* * * LOW HITPOINT WARNING * * *
You feel extremely sick. The orc barely misses you.
You take 7 damage, and have 1/24 hp.
MASSIVE DAMAGE!!
You now have 4/13 mp.
Casting: Sting (safe; 3% risk of failure)
Confirm with . or Enter, or press ? or * to list all spells.
Okay, then.
It was a potion of might.
You feel very mighty all of a sudden.
You die...

....##... ... ....# #.#
....# #.# ....# ######.#
###.# #...##.# ###.#
#.#.##.####
....###.#.##....#
####...(#....##.######.#
.....#######.##.@ooo.[.#
####.. ..###########
#### ####


You could see 3 orcs.

Vanquished Creatures
  An orc wizard (D:3)
  An adder (D:2)
  2 dart slugs
  A ribbon worm (D:2)
  7 orcs (D:3)
  2 bats (D:1)
  6 endoplasms
  2 giant cockroaches
  3 goblins (D:1)
  4 hobgoblins
  7 jackals (D:2)
  2 quokkas (D:2)
  8 ball pythons
  3 frilled lizards
  4 kobolds
  5 rats
58 creatures vanquished.

Notes
Turn   | Place    | Note
-------+----------+-------------------------------------------
     0 | D:1      | jasper the Deep Elf Alchemist began the quest for the Orb.
     0 | D:1      | Reached XP level 1. HP: 10/10 MP: 6/6
   217 | D:1      | Reached XP level 2. HP: 15/15 MP: 4/8
   864 | D:1      | Got Ytetuogg's Folio of Meteoric Leadership
  1145 | D:2      | Reached skill level 4 in Spellcasting
  1232 | D:2      | Reached XP level 3. HP: 16/19 MP: 6/10
  1425 | D:2      | Learned a level 3 spell: Mephitic Cloud
  2051 | D:2      | Identified the staff "Nubego" {rElec rC+ Stlth+ Air}
  2302 | D:2      | Reached XP level 4. HP: 24/24 MP: 8/12
  2307 | D:2      | Learned a level 4 spell: Olgreb's Toxic Radiance
  2312 | D:2      | Learned a level 4 spell: Sticky Flame
  2417 | D:3      | Reached skill level 5 in Spellcasting
  2600 | D:3      | HP: 1/24 [poison]
  2601 | D:3      | Succumbed to poison

Illustrated notes

Levels and vault maps discovered:
D:1:      eino_arrival_cavern_c, layout_loops_ring
D:2:      layout_loops_cross
D:3:      layout_loops_cross, grunt_temple_overflow_open, serial_park_tiny_1

Skill      XL: |  1  2  3  4 |
---------------+-------------+-----
Spellcasting   | 4 5 |  5.1
Alchemy        | 4 |  4.8
Dodging        | |  2.4
Stealth        | |  2.4
Conjurations   | |  1.1

Action                     |  1- 3 |  4- 6 || total
---------------------------+-------+-------++-------
  Melee: Unarmed           |     6 |       ||     6
         Punch             |     1 |       ||     1
         Staff             |       |     7 ||     7
   Cast: Sting             |    92 |    18 ||   110
    Use: Scroll            |     2 |       ||     2
         Potion            |       |     1 ||     1
 Armour: Robe              |    11 |     4 ||    15
  Dodge: Dodged            |     6 |    12 ||    18

Table legend: (Time is in decaauts)
 A = Elapsed time spent in this place.
 B = Non-inter-level travel time spent in this place.
 C = Inter-level travel time spent in this place.
 D = Time resting spent in this place.
 E = Time spent auto-exploring this place.
 F = Levels seen in this place.
 G = Mean time per level.
                   A        B        C        D        E       F      G
               +--------+--------+--------+--------+--------+-----+--------+
         Total |   2600 |   2585 |     15 |    296 |   1954 |   3 |  866.7 |
       Dungeon |   2600 |   2585 |     15 |    296 |   1954 |   3 |  866.7 |
               +--------+--------+--------+--------+--------+-----+--------+

Top non-repeatable levels by time:
     D:2: 1223 daAuts
     D:1: 1115 daAuts
     D:3: 262 daAuts
